 Dungeon Crawl Stone Soup version 0.30.0-17-ge0270778cf (webtiles) character file.

Game seed: 12132325452350353298

17264 grizmgrazm2 the Destroyer (level 12, -1/88 HPs)
             Began as a Gargoyle Conjurer on May 21, 2023.
             Slain by a black mamba (11 damage)
             ... on level 1 of the Lair of Beasts.
             The game lasted 00:50:06 (17935 turns).

grizmgrazm2 the Destroyer (Gargoyle Conjurer)      Turns: 17935, Time: 00:50:06

Health: -1/88      AC: 30    Str: 12    XL:     12   Next: 46%
Magic:  4/22       EV:  2    Int: 23    God:
Gold:   1011       SH:  3    Dex:  8    Spells: 12/28 levels left

rFire   . . .        t - +2 hand axe (heavy)
rCold   . . .        A - +0 buckler
rNeg    + . .        B - melded +1 robe {Will+}
rPois   ∞            (helmet currently unavailable)
rElec   .            (cloak currently unavailable)
rCorr   .            s - melded +1 pair of gloves "Suas Zyopp" {rC+ rN+ rCorr}
SInv    .            C - melded +0 pair of boots
Will    .....        (no amulet)
Stlth   ++           c - ring of wizardry
HPRegen 0.34/turn    i - +4 ring of protection
MPRegen 0.18/turn

%: wizardry (x1)
@: tree-form
A: stationary, stasis, torment immunity, boosted hp, sickness immunity, AC +8,
negative energy resistance 1, (electricity resistance), torment resistance 1,
petrification resistance, (large bone plates 1), (fire resistance 1), low MP 1,
(cold vulnerability 1)
a: no special abilities


You were on level 1 of the Lair of Beasts.
You were a tree.
You visited 2 branches of the dungeon, and saw 12 of its levels.
You also visited: Sewer.

You collected 1256 gold pieces.
You spent 245 gold pieces at shops.

Inventory:

Hand Weapons
 t - a +2 heavy hand axe (weapon)
Missiles
 o - 2 throwing nets
Armour
 a - a +1 robe
 s - the +1 pair of gloves "Suas Zyopp" (melded) {rC+ rN+ rCorr}
   (You found it on level 4 of the Dungeon)

   rC:        It protects you from cold.
   rN:        It protects you from negative energy.
   rCorr:     It protects you from acid and corrosion.
 A - a +0 buckler (worn)
 B - a +1 robe of willpower (melded)
 C - a +0 pair of boots (melded)
Magical Staves
 E - a staff of earth
Jewellery
 c - a ring of wizardry (left branch)
 i - a +4 ring of protection (right branch)
 q - a ring of willpower
 x - a ring of resist corrosion
Wands
 H - a wand of polymorph (7)
Scrolls
 h - 3 scrolls of silence
 l - 3 scrolls of immolation
 n - a scroll of enchant weapon
 r - a scroll of fog
 w - a scroll of magic mapping
 y - a scroll of poison
 z - 2 scrolls of blinking
 D - a scroll of amnesia
Potions
 b - a potion of magic
 j - a potion of berserk rage
 k - a potion of flight
 m - a potion of mutation
 p - a potion of haste
 u - a potion of brilliance
 v - a potion of attraction


   Skills:
 - Level 1.5 Dodging
 - Level 2.1 Stealth
 + Level 1.1 Shields
 + Level 8.6 Spellcasting
 * Level 14.6 Conjurations
 - Level 5.0 Hexes
 - Level 5.0 Translocations
 + Level 4.4 Transmutations
 + Level 6.5 Earth Magic
 - Level 5.0 Evocations


You had 12 spell levels left.
You knew the following spells:

 Your Spells              Type           Power      Damage    Failure   Level
a - Magic Dart            Conj           100%       1d8       0%          1
b - Searing Ray           Conj           100%       2d8       1%          2
c - Dazzling Flash        Conj/Hex       100%       N/A       1%          3
d - Fulminant Prism       Conj/Hex       26%        3d14      1%          4
e - Iskenderun's Mystic   Conj/Tloc      53%        2d11      1%          4
f - Passwall              Tmut/Erth      29%        N/A       1%          2

Your spell library contained the following spells:

 Spells                   Type           Power      Damage    Failure   Level
 Ensorcelled Hibernation  Hex/Ice        42%        N/A       1%          2
 Flame Wave               Conj/Fire      43%        2d11      1%          4
 Vhi's Electric Charge    Tloc/Air       42%        N/A       4%          3
 Arcjolt                  Conj/Air       21%        1d31      5%          5
 Scorch                   Fire           18%        2d6       6%          2
 Swiftness                Air            9%         N/A       12%         3
 Summon Forest            Summ/Tloc      10%        N/A       34%         5
 Summon Mana Viper        Hex/Summ       21%        N/A       34%         5
 Plasma Beam              Fire/Air       4%         2x1d16    99%         6
 Summon Cactus Giant      Summ           4%         N/A       99%         6


Dungeon Overview and Level Annotations

Branches:
Dungeon (11/15)              Lair (1/5) D:10            Orc (0/2) D:10
  Sewer (visited)
 Temple: D:4-7

Altars:
Gozag
Makhleb
Okawaru
Xom

Shops:
D:6 ?   D:10 !

Annotations:
D:5 Edmund


Innate Abilities, Weirdness & Mutations

You are a tree.
Your roots penetrate the ground, keeping you stationary.
You cannot be teleported.
You are immune to unholy pain and torment.
Your maximum health is greatly increased.
Your equipment is partially melded.
You are immune to sickness and miasma.
((Your stone body is resilient. (AC +8)))
You are immune to poison.
You resist negative energy. (rN+)
((You are resistant to electric shocks. (rElec)))
You are resistant to unholy torment.
You are immune to petrification.
((You are partially covered in large bone plates. (SH +4)))
((Your flesh is heat resistant. (rF+)))
Your magical capacity is low. (-10% MP)
((You are vulnerable to cold. (rC-)))


Message History

Joseph is almost dead. (Press . to maintain the ray.) Joseph shoots a sling bullet.
The sling bullet hits you but does no damage.
The searing ray hits Joseph!
Joseph is almost dead.
Joseph shoots a sling bullet.
The sling bullet hits you!
You hear an angry hiss.
The searing ray hits Joseph!
You kill Joseph!
Your Shields skill increases to level 1!
You start resting.
A black mamba comes into view.
The searing ray hits the black mamba!
The black mamba is moderately wounded. (Press . to maintain the ray.)
The black mamba bites you but does no damage.
The black mamba closely misses you.
The searing ray hits the black mamba.
The black mamba is heavily wounded.
The black mamba bites you! x2
* * * LOW HITPOINT WARNING * * *
Really quaff the potion of lignification?
You turn into a tree.
The +1 pair of gloves "Suas Zyopp" {rC+ rN+ rCorr} melds into your body.
Your +0 pair of boots melds into your body.
Your +1 robe of willpower melds into your body.
You feel less strong-willed.
Your roots penetrate the ground.
The black mamba bites you but does no damage. x2
You barely miss the black mamba.
The black mamba is heavily wounded.
You block the black mamba's attack.
The black mamba bites you but does no damage.
The black mamba bites you!
* * * LOW HITPOINT WARNING * * *
You slash the black mamba!
The black mamba is heavily wounded.
The black mamba bites you but does no damage.
The black mamba bites you!
You die...

.# #.# P.# ##
#.## ..
##.######.. ...
##......##.##....
#..~~~~.#..)...@.
#.~~~~<#.S#
#.~~~~...♣#
#.~##~.#..# #.
#~....# ~~~.....#
~~~~.#####
#......P ######P#
###


You could see a black mamba.

Vanquished Creatures
  3 two-headed ogres
  The ghost of MacCMillion the Cleaver, a novice HOFi of Makhleb (D:7)
  2 skeletal warriors
  Pikel (D:8)
  2 ugly things
  An oklob plant (D:7)
  2 manticores
  A cyclops (D:9)
  Joseph (Lair:1)
  A gargoyle (D:10)
  A hornet (D:7)
  3 trolls
  2 vampires (D:10)
  2 wraiths (D:10)
  9 yaks
  A basilisk (D:10)
  6 steam dragons
  2 vampire mosquitoes
  2 acid dragons
  2 water moccasins (D:7)
  5 orc warriors
  4 ice beasts
  A sky beast (D:7)
  The ghost of hitsuchi the Ruffian, an amateur TrGl of Qazlal (D:3)
  An ogre (D:10)
  6 centaurs
  A lemure (D:8)
  11 kobold brigands
  7 bullfrogs
  3 gnoll sergeants
  4 scorpions
  20 wights
  16 killer bees
  A howler monkey (D:10)
  A gnoll bouda (D:7)
  2 hounds
  A jelly (D:7)
  8 orc priests
  A sleepcap (D:8)
  Natasha (twice) (D:3)
  14 orc wizards
  3 iguanas
  13 gnolls
  5 river rats (Sewer)
  12 adders
  A shadow imp (D:7)
  A white imp (D:3)
  An ufetubus (D:7)
  A worm (D:3)
  3 dart slugs
  47 orcs
  12 ball pythons
  3 bats
  11 endoplasms
  5 giant cockroaches
  10 goblins
  8 hobgoblins
  37 kobolds
  A quokka (D:4)
  3 frilled lizards
  23 rats
355 creatures vanquished.

Vanquished Creatures (others)
  15 fulminant prisms
15 creatures vanquished.

Grand Total: 370 creatures vanquished

Notes
Turn   | Place    | Note
-------+----------+-------------------------------------------
     0 | D:1      | grizmgrazm2 the Gargoyle Conjurer began the quest for the
                  | Orb.
     0 | D:1      | Reached XP level 1. HP: 10/10 MP: 3/3
   224 | D:1      | Reached XP level 2. HP: 15/15 MP: 0/5
   617 | D:1      | Reached skill level 5 in Conjurations
   848 | D:1      | Learned a level 2 spell: Searing Ray
   863 | D:2      | Found a faded altar of an unknown god.
   873 | D:2      | Reached XP level 3. HP: 12/19 MP: 1/6
  1143 | D:2      | Found a burning altar of Makhleb.
  2434 | D:4      | Reached XP level 4. HP: 24/24 MP: 1/8
  2629 | D:4      | Found a glowing drain.
  2643 | D:4      | Reached skill level 6 in Conjurations
  2649 | Sewer    | Entered a sewer
  2736 | Sewer    | Reached XP level 5. HP: 28/28 MP: 0/9
  2889 | Sewer    | Learned a level 3 spell: Dazzling Flash
  3599 | Sewer    | Noticed a kobold brigand
  3599 | Sewer    | Noticed a kobold brigand
  3599 | Sewer    | Noticed a kobold brigand
  3695 | Sewer    | Killed a kobold brigand
  3696 | Sewer    | Reached skill level 1 in Hexes
  3696 | Sewer    | Reached XP level 6. HP: 32/32 MP: 4/11
  3711 | Sewer    | Reached skill level 7 in Conjurations
  4199 | D:4      | Reached XP level 7. HP: 35/36 MP: 9/12
  4204 | D:4      | Learned a level 4 spell: Fulminant Prism
  4819 | D:4      | Identified the +1 pair of gloves "Suas Zyopp" {rC+ rN+
                  | rCorr}
  5213 | D:3      | Reached skill level 8 in Conjurations
  5635 | D:3      | Found a runed translucent gate.
  5681 | D:3      | Found a runed translucent gate.
  5685 | D:3      | Found a runed translucent gate.
  5685 | D:3      | Found an opulent altar of Gozag.
  5689 | D:3      | Noticed hitsuchi's ghost (amateur TrGl)
  5750 | D:3      | Killed hitsuchi's ghost
  5751 | D:3      | Reached XP level 8. HP: 38/41 MP: 1/14
  5854 | D:3      | Noticed Natasha
  5859 | D:3      | Killed Natasha
  5979 | D:3      | Noticed Natasha
  5983 | D:3      | Killed Natasha
  6754 | D:4      | Reached skill level 9 in Conjurations
  6792 | D:5      | Entered Level 5 of the Dungeon
  6811 | D:5      | Reached skill level 5 in Spellcasting
  6937 | D:5      | Found a shimmering altar of Xom.
  6948 | D:5      | Found an iron altar of Okawaru.
  7019 | D:5      | Learned a level 4 spell: Iskenderun's Mystic Blast
  7139 | D:5      | Noticed Edmund
  7380 | D:6      | Reached skill level 1 in Translocations
  7671 | D:6      | Found Hiyg's Magic Scroll Boutique.
  7679 | D:6      | Bought a scroll of silence for 95 gold pieces
  7679 | D:6      | Bought a scroll of identify for 20 gold pieces
  7753 | D:6      | Reached XP level 9. HP: 45/45 MP: 11/17
  7857 | D:6      | You fall into a shaft and drop 2 floors!
  7876 | D:8      | Reached skill level 10 in Conjurations
  7967 | D:7      | Found a transporter.
  7967 | D:7      | Found a transporter.
  8206 | D:7      | Noticed MacCMillion's ghost (novice HOFi)
  8226 | D:7      | Noticed an oklob plant
  8273 | D:7      | Noticed a troll
  8577 | D:7      | Noticed a hornet
  8768 | D:7      | Killed a hornet
  8769 | D:7      | Reached skill level 1 in Evocations
  9403 | D:7      | Reached skill level 11 in Conjurations
  9403 | D:7      | Reached skill level 5 in Hexes
  9980 | D:8      | Reached XP level 10. HP: 50/50 MP: 13/19
 10122 | D:8      | Gained mutation: You are vulnerable to cold. (rC-) [potion
                  | of mutation]
 10122 | D:8      | Gained mutation: You are partially covered in large bone
                  | plates. (SH +4) [potion of mutation]
 10122 | D:8      | Gained mutation: Your magical capacity is low. (-10% MP)
                  | [potion of mutation]
 10122 | D:8      | Gained mutation: Your flesh is heat resistant. (rF+)
                  | [potion of mutation]
 11200 | D:9      | Noticed a two-headed ogre
 11258 | D:8      | Reached skill level 12 in Conjurations
 11412 | D:8      | Learned a level 2 spell: Passwall
 11640 | D:9      | Noticed a cyan ugly thing
 11726 | D:9      | HP: 2/50 [something (4)]
 11923 | D:9      | Killed a two-headed ogre
 11924 | D:9      | Reached skill level 1 in Transmutations
 11924 | D:9      | Reached skill level 1 in Earth Magic
 12040 | D:9      | Killed a cyan ugly thing
 12303 | D:8      | Reached XP level 11. HP: 45/54 MP: 13/19
 12457 | D:9      | Reached skill level 5 in Translocations
 12460 | D:9      | Noticed Pikel
 12480 | D:8      | Killed Pikel
 12603 | D:9      | Noticed a manticore
 12619 | D:9      | Killed a manticore
 12630 | D:9      | Noticed a skeletal warrior
 12858 | D:9      | Reached skill level 13 in Conjurations
 13116 | D:10     | Entered Level 10 of the Dungeon
 13169 | D:9      | Noticed a cyclops
 13469 | D:11     | Noticed a two-headed ogre
 13673 | D:10     | Found a staircase to the Lair.
 13921 | D:10     | Noticed a two-headed ogre
 13927 | D:10     | Killed a two-headed ogre
 14018 | D:10     | Noticed a two-headed ogre
 14037 | D:10     | Killed a two-headed ogre
 14227 | D:10     | Identified a scroll of acquirement
 14228 | D:10     | Acquired 572 gold pieces
 14306 | D:10     | Noticed a cyan ugly thing
 14316 | D:10     | Killed a cyan ugly thing
 14317 | D:10     | Reached skill level 5 in Evocations
 14596 | D:10     | Noticed a manticore
 14617 | D:10     | Killed a manticore
 14917 | D:10     | Identified the staff of conjuration "Sygai" {rPois}
 14924 | D:10     | Reached skill level 5 in Earth Magic
 15050 | D:10     | HP: 2/54 [gargoyle/stone arrow (23)]
 15427 | D:10     | Found Yzoqy's Distillery.
 15431 | D:10     | Bought 2 potions of might for 80 gold pieces
 15431 | D:10     | Bought a potion of heal wounds for 50 gold pieces
 15438 | D:10     | Reached XP level 12. HP: 59/59 MP: 14/21
 15812 | D:10     | Reached skill level 14 in Conjurations
 16018 | D:10     | Found a staircase to the Orcish Mines.
 16106 | D:10     | Noticed a death knight
 17007 | D:7      | Killed MacCMillion's ghost
 17858 | Lair:1   | Entered Level 1 of the Lair of Beasts
 17909 | Lair:1   | Noticed Joseph
 17929 | Lair:1   | Killed Joseph
 17930 | Lair:1   | Reached skill level 1 in Shields
 17935 | Lair:1   | Slain by a black mamba

Illustrated notes

Levels and vault maps discovered:
D:1:      lemuel_arrival_rhombus, layout_rooms, minmay_misc_feat_diagonals,
          kennysheep_crisscross
D:2:      layout_loops_corners, basic_altar, nicolae_ecumenical_oubliette,
          kennysheep_small_spiral
D:3:      layout_loops_ring, ebering_ghost_gozag, amethyst_killhole,
          minmay_splitting_lines, uniq_natasha
D:4:      cheibrodos_thug_alley, layout_basic, gup_sewer_entry_glass
D:5:      layout_cave_pods, mainiacjoe_overflow_catwalk_spiral,
          temple_fountains, uniq_edmund
D:6:      layout_rooms, serial_shops, shop
D:7:      layout_loops_cross, nzn_ghost_randoct
D:8:      layout_basic
D:9:      cheibrodos_fzero, layout_cave_pools, kb_lookout_dungeons_type,
          uniq_pikel
D:10:     nzn_winding_woodlands_medium [nzn_winding_woodlands_5x5_perimeter,
          nzn_winding_woodlands_5x15_parted, nzn_winding_woodlands_5x5_default,
          nzn_winding_woodlands_5x5_three,
          nzn_winding_woodlands_center_triple_pond,
          nzn_winding_woodlands_5x5_open_star, nzn_winding_woodlands_hourglass,
          nzn_winding_woodlands_5x15_split_checker,
          nzn_winding_woodlands_5x5_cross], layout_basic,
          kennysheep_orc_monster_closet_entryway, serial_shops, shop
D:11:     layout_rooms, serial_shops, shop, yredelemnul_altar_generic,
          uniq_maurice
Lair:1:   layout_gridlike, uniq_joseph, uniq_gastronok

Skill      XL: |  1  2  3  4  5  6  7  8  9 10 11 12 |
---------------+-------------------------------------+-----
Conjurations   | 5 6 7 8 9 11 12 13 14 | 14.6
Spellcasting   | 3 4 5 6 7 8 |  8.6
Hexes          | 1 2 4 5 |  5.0
Translocations | 1 3 4 5 |  5.0
Evocations     | 2 3 5 |  5.0
Transmutations | 1 3 4 |  4.4
Earth Magic    | 2 5 6 |  6.5
Shields        | 1 |  1.1
Dodging        | |  1.5
Stealth        | |  2.1

Action                     |  1- 3 |  4- 6 |  7- 9 | 10-12 || total
---------------------------+-------+-------+-------+-------++-------
  Melee: Unarmed           |     1 |       |       |       ||     1
         Dagger            |     1 |     7 |     3 |       ||    11
         Hand axe          |       |       |     6 |    65 ||    71
         Punch             |       |       |       |     5 ||     5
   Cast: Magic Dart        |    84 |    64 |    73 |    44 ||   265
         Searing Ray       |     1 |    15 |    81 |   167 ||   264
         Iskenderun's Myst |       |       |       |    19 ||    19
         Dazzling Flash    |       |       |       |     1 ||     1
         Fulminant Prism   |       |       |       |    15 ||    15
  Evoke: Wand              |       |       |     1 |    24 ||    25
    Use: Scroll            |     8 |     1 |     8 |    12 ||    29
         Potion            |       |       |     2 |    28 ||    30
   Stab: Paralysed         |       |       |       |    15 ||    15
         Invisible         |       |       |       |     1 ||     1
 Armour: Robe              |     6 |    18 |    58 |   266 ||   348
         Skin              |       |       |       |     4 ||     4
  Dodge: Dodged            |    11 |    22 |   100 |   246 ||   379
  Block: Other             |       |       |       |    57 ||    57
         Buckler           |       |       |       |    13 ||    13
